 Dungeon Crawl Stone Soup version 0.24.0-13-gcf9b3192b9 (webtiles) character file.

Game seed: 2689895187891522782, levelgen mode: deterministic

404 Matador8 the Chiller (level 6, -3/45 HPs)
             Began as a Draconian Ice Elementalist on Nov 7, 2019.
             Was a Believer of Uskayaw.
             Shot with an arrow by a centaur (11 damage)
             ... on level 5 of the Dungeon.
             The game lasted 00:30:45 (5693 turns).

Matador8 the Chiller (Draconian Ice Elementalist)   Turns: 5693, Time: 00:30:45

Health: -3/45      AC:  8    Str: 10    XL:     6   Next: 56%
Magic:  1/11       EV: 12    Int: 20    God:    Uskayaw [**....]
Gold:   233        SH:  0    Dex: 12    Spells: 6/12 levels left

rFire    . . .     SeeInvis .   p - +1 dagger (venom)
rCold    . . .     Gourm    .   (no shield)
rNeg     . . .     Faith    .   (armour unavailable)
rPois    .         Spirit   .   (helmet restricted)
rElec    .         Reflect  .   (no cloak)
rCorr    .         Harm     .   l - +1 pair of gloves
MR       .....                  (no boots)
Stlth    ++........             (no amulet)
HPRegen  0.15/turn              i - +3 ring of intelligence
MPRegen  0.12/turn              (no ring)

@: no status effects
A: unfitting armour, cold-blooded, AC +6
a: Stomp, Line Pass, Renounce Religion


You were on level 5 of the Dungeon.
You worshipped Uskayaw.
Uskayaw was noncommittal.
You were hungry.

You visited 2 branches of the dungeon, and saw 6 of its levels.

You collected 233 gold pieces.

Inventory:

Hand Weapons
 m - a +1 dagger of protection
 p - a +1 dagger of venom (weapon)
Missiles
 v - 2 curare-tipped darts (quivered)
Armour
 l - a +1 pair of gloves (worn)
 y - a scarf of spirit shield
Magical Staves
 z - an uncursed staff of power {unknown}
Jewellery
 d - an uncursed ring of flight
 i - a +3 ring of intelligence (left hand)
Wands
 k - a wand of digging (4)
 t - a wand of scattershot (4)
Scrolls
 c - 2 scrolls of amnesia {unknown}
 e - 2 scrolls of enchant weapon {unknown}
 f - 2 scrolls of teleportation {unknown}
 j - a scroll of random uselessness {unknown}
 q - 4 scrolls of remove curse
 s - 2 scrolls of immolation {unknown}
 w - a scroll of enchant armour
 x - a scroll of identify {unknown}
 A - a scroll of noise {unknown}
Potions
 g - 2 potions of might {unknown}
 h - 3 potions of curing {unknown}
 n - 2 potions of heal wounds {unknown}
 o - 2 potions of haste {unknown}
 r - a potion of magic {unknown}
 u - 2 potions of brilliance {unknown}
Comestibles
 b - 7 rations


   Skills:
 - Level 1.7 Dodging
 - Level 1.7 Stealth
 + Level 3.7 Spellcasting
 + Level 2.8 Conjurations
 - Level 2.3 Charms
 - Level 4.6 Ice Magic
 + Level 1.9 Invocations


You had 6 spell levels left.
You knew the following spells:

 Your Spells              Type           Power        Failure   Level  Hunger
a - Freeze                Ice            ###.         1%          1    None
b - Throw Frost           Conj/Ice       ###...       4%          2    ##.....
c - Ozocubu's Armour      Chrm/Ice       ###.....     10%         3    ###....

Your spell library contained the following spells:

 Spells                   Type           Power        Failure   Level  Hunger
 Magic Dart               Conj           ###.         4%          1    None
 Searing Ray              Conj           ###...       6%          2    ##.....
 Dazzling Spray           Conj/Hex       #.....       22%         3    ###....
 Throw Icicle             Conj/Ice       ###.....     28%         4    ####...
 Iskenderun's Mystic Bla  Conj           ###.....     38%         4    ####...
 Summon Ice Beast         Ice/Summ       ##......     45%         4    ####...
 Force Lance              Conj/Tloc      #.......     58%         4    ####...
 Fulminant Prism          Conj/Hex       #.........   58%         4    ####...


Dungeon Overview and Level Annotations

Branches:
Dungeon (5/15)             Temple (1/1) D:4

Altars:
Ashenzari
Dithmenos
Fedhas
Gozag
Hepliaklqana
Kikubaaqudgha
Nemelex Xobeh
Okawaru
Qazlal
Ru
Sif Muna
Uskayaw
Vehumet
Wu Jian
Yredelemnul
Zin
The Shining One

Annotations:
D:3 exclusion: oklob plant
D:4 Grinder


Innate Abilities, Weirdness & Mutations

Your plain brown scales are hard. (AC +6)
You cannot fit into any form of body armour.
You are cold-blooded and may be slowed by cold attacks.


Message History

The arrow hits you!
Casting: Throw Frost (safe; 4% risk of failure)
Confirm with . or Enter, or press ? or * to list all spells.
Aiming: Throw Frost (safe; 4% risk of failure)
Press: ? - help, Shift-Dir - straight line, f/p - centaur
Aim: a centaur, wielding a +0 shortbow (almost dead)
The puff of frost hits the centaur but does no damage.
The centaur is almost dead.
The centaur shoots an arrow.
The arrow hits you.
You hear a bark!
Casting: Throw Frost (safe; 4% risk of failure)
Confirm with . or Enter, or press ? or * to list all spells.
You don't have enough magic to cast that spell.
The centaur shoots an arrow.
The arrow hits you!
* * * LOW HITPOINT WARNING * * *
There is a stone staircase leading up, spattered with blood here.
You see here 9 arrows.
The centaur shoots an arrow.
The arrow hits you but does no damage.
The centaur shoots an arrow.
The arrow hits you!
You die...

..... .. ..O.. ....
#..... .....#####.c..#
#....?....# ...#.#..(c##
#...(..#..## ######
.....####..#####....#
.?.....Ooc..(รท(@.....#
.#......###.(.(......##.#
hh..##. ######........#
.#.. #......#.# #...##?.#
...... .... .........
#..# .h.......# ..#
.......... ...


You could see a centaur and an orc.

Vanquished Creatures
  An ogre (D:4)
  An orc wizard (D:2)
  2 worker ants (D:4)
  Ijyb (D:4)
  2 hound skeletons (D:4)
  5 gnolls
  3 adders (D:3)
  A shadow imp (D:4)
  2 oozes (D:1)
  A worm (D:2)
  3 dart slugs
  3 leopard geckos
  2 orcs
  2 ball pythons
  6 bats
  5 giant cockroaches
  6 goblins
  13 hobgoblins
  12 jackals
  8 kobolds
  3 quokkas (D:2)
  5 frilled lizards
  9 rats
96 creatures vanquished.

Vanquished Creatures (others)
  A plant (D:4)
1 creature vanquished.

Grand Total: 97 creatures vanquished

Notes
Turn   | Place    | Note
-------+----------+-------------------------------------------
     0 | D:1      | Matador8 the Draconian Ice Elementalist began the quest for
                  | the Orb.
     0 | D:1      | Reached XP level 1. HP: 14/14 MP: 3/3
   168 | D:1      | Reached XP level 2. HP: 13/20 MP: 1/5
   747 | D:1      | Reached XP level 3. HP: 26/26 MP: 2/7
  1394 | D:2      | Found a sacrificial altar of Ru.
  1434 | D:2      | Reached skill level 4 in Ice Magic
  1434 | D:2      | Reached XP level 4. HP: 21/33 MP: 0/8
  1583 | D:2      | Learned a level 2 spell: Throw Frost
  1587 | D:2      | Learned a level 3 spell: Ozocubu's Armour
  1888 | D:1      | Reached skill level 1 in Charms
  2481 | D:3      | Reached XP level 5. HP: 23/38 MP: 0/9
  2619 | D:3      | Found a sparkling altar of Nemelex Xobeh.
  2754 | D:3      | Found a stormy altar of Qazlal.
  3312 | D:3      | Found a blossoming altar of Fedhas.
  3322 | D:3      | Noticed an oklob plant
  3790 | D:4      | Noticed Ijyb
  3808 | D:4      | Killed Ijyb
  4160 | D:4      | Noticed Grinder
  4173 | D:4      | Found a staircase to the Ecumenical Temple.
  4179 | D:4      | Noticed a phantom
  4182 | Temple   | Entered the Ecumenical Temple
  4303 | Temple   | Became a worshipper of Uskayaw the Reveler
  4395 | Temple   | Reached * piety under Uskayaw
  4694 | D:4      | Reached ** piety under Uskayaw
  4963 | D:4      | Reached XP level 6. HP: 40/45 MP: 6/11
  4969 | D:4      | Reached skill level 1 in Invocations
  4969 | D:4      | Reached *** piety under Uskayaw
  5221 | D:5      | Entered Level 5 of the Dungeon
  5693 | D:5      | Shot with an arrow by a centaur

Levels and vault maps discovered:
D:1:      scummos_arrival_simple_crosswalls, layout_basic
D:2:      layout_basic, nicolae_ru_great_annihilating_truth, first_ration,
          minivault_4
D:3:      layout_loops_ring, tgw_fedhas, nicolae_qazlal_general_emergency,
          nemelex_xobeh_ov_fountains_minmay
D:4:      layout_basic, minmay_temple_entry_tees, serial_shops,
          nicolae_shop_overgrown_old_shop, nrook_mini_vaults, uniq_ijyb,
          uniq_grinder
D:5:      layout_rooms, nicolae_overflow_hidden_temple, lemuel_doored_altar,
          st_stairs_4
Temple:   nicolae_temple_god_jail

Skill      XL: |  1  2  3  4  5  6 |
---------------+-------------------+-----
Spellcasting   | 3 |  3.7
Ice Magic      | 4 |  4.6
Charms         | 1 2 |  2.3
Conjurations   | 2 |  2.8
Invocations    | 1 |  1.9
Dodging        | |  1.7
Stealth        | |  1.7

Action                   |  1- 3 |  4- 6 || total
-------------------------+-------+-------++-------
Melee: Dagger            |    36 |   126 ||   162
       Tailslap          |     3 |    13 ||    16
 Cast: Freeze            |    45 |    81 ||   126
       Throw Frost       |       |    31 ||    31
  Use: Scroll            |       |     3 ||     3
 Stab: Sleeping          |     1 |     2 ||     3
       Invisible         |       |     1 ||     1
  Eat: Chunk             |     1 |    15 ||    16
Armor: Skin              |    15 |    83 ||    98
Dodge: Dodged            |    34 |   159 ||   193
